 Dungeon Crawl Stone Soup version 0.31-a0-1204-ge2c1a860ed (webtiles) character file.

Game seed: 7331295321608095579

66 Curundu the Poker (level 4, 0/37 HPs)
             Began as a Merfolk Berserker on Dec 12, 2023.
             Was a Believer of Trog.
             Slain by Terence
             ... wielding a +3 antimagic trident
              (10 damage)
             ... on level 3 of the Dungeon.
             The game lasted 00:07:30 (2101 turns).

Curundu the Poker (Merfolk Berserker)               Turns: 2101, Time: 00:07:31

Health: 0/37       AC:  6    Str: 19    XL:     4   Next: 15%
Magic:  0/13       EV: 13    Int:  6    God:    Trog [**....]
Gold:   97         SH:  0    Dex: 13    Spells: 3/3 levels left

rFire   . . .        o - +2 hand axe (vamp)
rCold   . . .        (no shield)
rNeg    . . .        b - +0 animal skin
rPois   .            (no helmet)
rElec   .            (no cloak)
rCorr   .            (no gloves)
SInv    .            (no boots)
Will    .....        (no amulet)
Stlth   +            i - +4 ring of protection
HPRegen 0.26/turn    q - ring of magical power
MPRegen 0.13/turn

%: no passive effects
@: no status effects
A: (nimble swimmer 2), mertail
a: Renounce Religion, Berserk, Trog's Hand


You were on level 3 of the Dungeon.
You worshipped Trog.
Trog was pleased with you.
You visited 1 branch of the dungeon, and saw 3 of its levels.

You collected 97 gold pieces.

Inventory:

Hand Weapons
 a - a +0 spear
 o - a +2 vampiric hand axe (weapon)
Armour
 b - a +0 animal skin (worn)
Jewellery
 i - a +4 ring of protection (left hand)
 q - a ring of magical power (right hand)
Scrolls
 c - a scroll of blinking {unknown}
 d - a scroll of immolation {unknown}
 e - 6 scrolls of teleportation {unknown}
 j - a scroll of vulnerability {unknown}
 k - 2 scrolls of enchant weapon {unknown}
 p - 3 scrolls of identify {unknown}
 r - 2 scrolls of amnesia {unknown}
 s - a scroll of fog {unknown}
Potions
 f - a potion of ambrosia {unknown}
 g - 2 potions of curing {unknown}
 h - a potion of lignification {unknown}
 l - a potion of might {unknown}
 m - 2 potions of mutation {unknown}
 n - a potion of heal wounds {unknown}


   Skills:
 + Level 3.8 Fighting
 + Level 0.1(2.0) Axes
 + Level 5.5 Polearms
 + Level 1.4 Armour
 + Level 3.3 Dodging
 + Level 0.2 Stealth


You had 3 spell levels left.
You didn't know any spells.
Your spell library was empty.

Dungeon Overview and Level Annotations

Branches:
Dungeon (3/15)

Altars:
Makhleb

Annotations:
D:3 Terence


Innate Abilities, Weirdness & Mutations

((You are very nimble when in or above water. (Stealth+, EV+, Speed+++)))
Your lower body shifts to a powerful aquatic tail in water.


Message History

The kobold barely misses you.
Terence hits you with a +3 antimagic trident!
You feel your power leaking away.
You hit the kobold.
You feel better.
The kobold is severely wounded.
You closely miss Terence. The kobold closely misses you.
Terence hits you with a +3 antimagic trident.
You feel your power leaking away.
You hit the kobold.
You feel better.
You kill the kobold!
Trog accepts your kill.
You hit Terence.
You feel better. Terence hits you but does no damage.
Terence hits you with a +3 antimagic trident!
You feel your power leaking away.
Things that are here:
a +0 short sword; a kobold corpse You hit Terence.
You feel better.
Terence is lightly wounded.
Terence misses you.
You closely miss Terence.
Terence is lightly wounded.
Terence hits you with a +3 antimagic trident.
You hit Terence.
Terence is heavily wounded.
Terence hits you with a +3 antimagic trident.
You feel your power leaking away. Terence closely misses you.
You hit Terence.
You feel better.
Terence is heavily wounded.
Terence barely misses you.
You barely miss Terence.
Terence is heavily wounded.
Terence hits you with a +3 antimagic trident.
* * * LOW HITPOINT WARNING * * *
You feel your power leaking away.
You barely miss Terence.
Terence is heavily wounded.
Terence hits you with a +3 antimagic trident!
You die...
Terence says, "Rest in peace."

###########
#.........#
#..##'####.#
##.⌠.##..#
##...##@.##
##...##.@##
##...##..##
+.⌠.++...
##...##.. .#
##...##..##.#
##...##..#.#
#. ##.⌠.#
...#
#..##'####..#


You could see Terence.

Vanquished Creatures
  5 orcs (D:3)
  5 endoplasms
  A giant cockroach (D:1)
  5 goblins
  9 hobgoblins
  5 kobolds
  3 quokkas
  7 ball pythons
  5 bats
  3 frilled lizards
  8 rats
56 creatures vanquished.

Notes
Turn   | Place    | Note
-------+----------+-------------------------------------------
     0 | D:1      | Curundu the Merfolk Berserker began the quest for the Orb.
     0 | D:1      | Reached XP level 1. HP: 18/18 MP: 1/1
   142 | D:1      | Found a faded altar of an unknown god.
   305 | D:1      | Reached XP level 2. HP: 11/24 MP: 2/2
   470 | D:1      | Reached XP level 3. HP: 27/29 MP: 3/3
   508 | D:1      | Reached skill level 5 in Polearms
   529 | D:1      | Reached ** piety under Trog
  2000 | D:3      | Reached XP level 4. HP: 37/37 MP: 4/4
  2046 | D:3      | Found a burning altar of Makhleb.
  2089 | D:3      | Noticed Terence
  2101 | D:3      | Slain by Terence

Illustrated notes

Levels and vault maps discovered:
D:1:      dpeg_arrival_chambers_temple_mockup, layout_basic,
          ebering_ecumenical_altar_mist, minivault_26, minmay_surrounded
D:2:      layout_basic
D:3:      layout_loops_cross, bloody_makhleb, nicolae_uskayaw_dance_hall,
          minmay_crystal_room, grunt_decor_arrowhead, uniq_sigmund, uniq_terence

Skill      XL: |  1  2  3 |
---------------+----------+-----
Polearms       | 5 |  5.5
Dodging        | 3 |  3.3
Fighting       | |  3.8
Axes           | |  0.1
Armour         | |  1.4
Stealth        | |  0.2

Action                     |  1- 3 |  4- 6 || total
---------------------------+-------+-------++-------
  Melee: Spear             |   131 |       ||   131
         Hand axe          |    34 |    16 ||    50
 Armour: Animal skin       |    95 |    13 ||   108
  Dodge: Dodged            |   126 |    11 ||   137

Table legend: (Time is in decaauts)
 A = Elapsed time spent in this place.
 B = Non-inter-level travel time spent in this place.
 C = Inter-level travel time spent in this place.
 D = Time resting spent in this place.
 E = Time spent auto-exploring this place.
 F = Levels seen in this place.
 G = Mean time per level.
                   A        B        C        D        E       F      G
               +--------+--------+--------+--------+--------+-----+--------+
         Total |   2091 |   2091 |      0 |      0 |   1466 |   3 |  697.0 |
       Dungeon |   2091 |   2091 |      0 |      0 |   1466 |   3 |  697.0 |
               +--------+--------+--------+--------+--------+-----+--------+

Top non-repeatable levels by time:
     D:1: 1047 daAuts
     D:2: 816 daAuts
     D:3: 227 daAuts
